[Event "*** Titled Tuesday Blitz"]
[Site "Chess.com"]
[Date "2018.09.04"]
[Round "2"]
[White "farzadbfd"]
[Black "Bauxi435"]
[Result "1-0"]
[WhiteElo "2527"]
[BlackElo "2357"]
[TimeControl "180+2"]
[EndTime "13:52:39 PDT"]
[Termination "farzadbfd won by resignation"]

1. e4 c5 2. Nf3 e6 3. d4 cxd4 4. Nxd4 Nf6 5. Nc3 Nc6 6. Ndb5 Bc5 7. Nd6+ Ke7 8. Bf4 e5 9. Nf5+ Kf8 10. Bg5 Bb4 11.
Bd3 h6 12. Bxf6 Qxf6 13. O-O Bxc3 14. bxc3 Ne7 15. Ne3 h5 16. Bc4 d6 17. Qd2 Bd7 18.
Rad1 Rh6 19. Bb3 Rc8 20. Nc4 Rc6 21. f4 exf4 22. Rxf4 Qg6 23. Na5 Be6 24. Nxc6 Bxb3 25. Nxe7 1-0

[Event "*** Titled Tuesday Blitz"]
[Site "Chess.com"]
[Date "2018.09.04"]
[Round "2"]
[White "Blitzstream"]
[Black "Superfelix"]
[Result "1-0"]
[WhiteElo "2582"]
[BlackElo "2354"]
[TimeControl "180+2"]
[EndTime "13:52:57 PDT"]
[Termination "Blitzstream won by resignation"]

1. g4 d5 2. Bg2 c6 3. c4 Nf6 4. g5 Ne4 5. d3 Nc5 6. cxd5 cxd5 7.
Nc3 d4 8. Ne4 e5 9. h4 Nc6 10.
Bd2 Be6 11. Rc1 Nxe4 12. Bxe4 Bd5 13. Nf3 Bxe4 14. dxe4 Qb6 15. Kf1 Bd6 16. h5 O-O-O 17. Qa4 Kb8 18. Rh3 f6 19. Ne1 Ka8 20. Rb3 Qc7 21.
Nd3 Rc8 22. Qb5 Qd7 23. Nc5 Bxc5 24. Rxc5 Qh3+ 25. Rxh3 1-0

[Event "*** Titled Tuesday Blitz"]
[Site "Chess.com"]
[Date "2018.09.04"]
[Round "2"]
[White "Gr3egor"]
[Black "lexisvar"]
[Result "1-0"]
[WhiteElo "2489"]
[BlackElo "2424"]
[TimeControl "180+2"]
[EndTime "13:53:02 PDT"]
[Termination "Gr3egor won by resignation"]

1. d4 Nf6 2. c4 e6 3. Nc3 Bb4 4. Qc2 b6 5. e4 Bxc3+ 6. bxc3 d6 7. Bd3 e5 8. Ne2 O-O 9. O-O Nc6 10. a3 Re8 11. f4 Bb7 12. d5 Na5 13. fxe5 dxe5 14.
Bg5 Qd6 15. Bxf6 gxf6 16. Ng3 Bc8 17. Nh5 f5 18. exf5 f6 19. Rf3 Kh8 20. Rh3 Rg8 21.
Qd2 Rg5 22. Rf1 Bd7 23. Rff3 Rag8 24. Rfg3 Nb3 25. Qf2 Nc1 26. Bc2 Rxg3 27. Rxg3 Rxg3 28. hxg3 Be8 29. g4 Bxh5 30. gxh5 Qxa3 31. Qh4 Qf8 32. h6 Ne2+ 33. Kf1 Nxc3 34. g4 Ne4 35. Bxe4 a5 36. g5 fxg5 37. Qxg5 a4 38. f6 a3 39. Qg7+ Qxg7 40.
fxg7+ 1-0

[Event "*** Titled Tuesday Blitz"]
[Site "Chess.com"]
[Date "2018.09.04"]
[Round "2"]
[White "Sethu0025"]
[Black "MFBerna"]
[Result "0-1"]
[WhiteElo "2681"]
[BlackElo "2349"]
[TimeControl "180+2"]
[EndTime "13:53:03 PDT"]
[Termination "MFBerna won by resignation"]

1. e4 c6 2. d4 d5 3. e5 c5 4. dxc5 Nc6 5. Nf3 Bg4 6. Bb5 e6 7. Be3 Qc7 8. c3 Bxf3 9. Qxf3 Qxe5 10. Nd2 Bxc5 11. O-O-O Bxe3 12. fxe3 Nf6 13. g4 O-O 14.
h4 Ne4 15. Bd3 Nxc3 16. Rdf1 Nb4 17. e4 Rac8 18. Bc4 Ncxa2+ 19. Kb1 dxc4 20. Rc1 Nxc1 21. Rxc1 Nd3 22. Nxc4 Rxc4 23. Qxd3 Qxe4 24. Qxe4 Rxe4 25. Rc7 Rxg4 0-1

[Event "*** Titled Tuesday Blitz"]
[Site "Chess.com"]
[Date "2018.09.04"]
[Round "2"]
[White "Nowaybacksasha"]
[Black "BlackBoarder"]
[Result "1-0"]
[WhiteElo "2812"]
[BlackElo "2435"]
[TimeControl "180+2"]
[EndTime "13:53:16 PDT"]
[Termination "Nowaybacksasha won by resignation"]

1. d4 Nf6 2. c4 e6 3. Nf3 d5 4. g3 dxc4 5. Bg2 a6 6. O-O Nc6 7. e3 Rb8 8. Qe2 b5 9. b3 cxb3 10. axb3 Bb7 11. Bd2 Be7 12. Rc1 O-O 13. Ne1 Nb4 14.
Bxb7 Rxb7 15. Bxb4 Bxb4 16. Nd3 a5 17. Nd2 Nd5 18.
Ne4 Qe7 19. Nec5 Rbb8 20. Ne5 Bxc5 21. Rxc5 Rb6 22. Rxa5 b4 23. Qc4 g6 24. e4 Nf6 25.
Rxc7 Qd6 26. Raa7 Nxe4 27. Nxf7 1-0

[Event "*** Titled Tuesday Blitz"]
[Site "Chess.com"]
[Date "2018.09.04"]
[Round "2"]
[White "NemtsevIgor"]
[Black "LucaBrasi1968"]
[Result "1-0"]
[WhiteElo "2397"]
[BlackElo "2442"]
[TimeControl "180+2"]
[EndTime "13:53:21 PDT"]
[Termination "NemtsevIgor won by resignation"]

1. d4 f5 2. Nc3 d5 3. Bg5 g6 4. h4 Bg7 5. e3 c6 6. Nh3 h6 7.
Bf4 Be6 8. Be5 Nf6 9. Nf4 Bf7 10. h5 g5 11. Ng6 Bxg6 12. hxg6 e6 13. Be2 Nbd7 14.
g4 Nxe5 15. dxe5 Ne4 16. gxf5 Nxc3 17. bxc3 Bxe5 18. fxe6 Qf6 19. Rb1 O-O-O 20. Bg4 Kb8 21. Qd3 Bxc3+ 22. Ke2 Ba5 23. Qf5 Rdf8 24. Qxf6 Rxf6 25.
g7 Re8 26. Bh5 Rg8 27. e7 Re6 28. Bf7 1-0

[Event "*** Titled Tuesday Blitz"]
[Site "Chess.com"]
[Date "2018.09.04"]
[Round "2"]
[White "evgenysharapov"]
[Black "luizzy"]
[Result "1-0"]
[WhiteElo "2412"]
[BlackElo "2399"]
[TimeControl "180+2"]
[EndTime "13:53:34 PDT"]
[Termination "evgenysharapov won by resignation"]

1. e4 d6 2. d4 Nf6 3. Nc3 Nbd7 4. f4 e5 5. Nf3 exd4 6. Nxd4 Nc5 7.
Bd3 Be7 8. O-O O-O 9. Kh1 a5 10. Re1 c6 11. Be3 b5 12. Qd2 a4 13. a3 Qc7 14. Bg1 Bd7 15. Rad1 Rad8 16. e5 dxe5 17.
fxe5 Ng4 18. Qf4 f6 19. Nf5 Bxf5 20. Qxf5 Nxe5 21. Qxh7+ Kf7 22. Qh5+ g6 23. Qh7+ Ke6 24. Bxg6 Rxd1 25. Bf5+ 1-0

[Event "*** Titled Tuesday Blitz"]
[Site "Chess.com"]
[Date "2018.09.04"]
[Round "2"]
[White "ENEASZ"]
[Black "VladDobrov"]
[Result "0-1"]
[WhiteElo "2520"]
[BlackElo "2720"]
[TimeControl "180+2"]
[EndTime "13:53:36 PDT"]
[Termination "VladDobrov won by resignation"]

1. e4 c5 2. c3 d5 3. exd5 Qxd5 4. d4 Nf6 5. Nf3 e6 6. Be2 cxd4 7. cxd4 Nc6 8. O-O Be7 9. Nc3 Qd6 10. Qa4 O-O 11. Rd1 Bd7 12. Bg5 Rfd8 13. Bxf6 Bxf6 14. Ne4 Qe7 15. Qb3 Na5 16. Nxf6+ Qxf6 17. Qb4 b6 18. d5 exd5 19. Rxd5 Be6 20. Rdd1 g6 21. h3 Rac8 22.
Rxd8+ Rxd8 23. a3 Nb3 24. Rd1 Rxd1+ 25. Bxd1 Qxb2 26. Bxb3 Qxb3 27. Qe7 Qd1+ 28. Kh2 Qd7 29. Qf6 Qd6+ 30. g3 Qxa3 31. Qd8+ Qf8 32. Qc7 Qc5 33. Qd8+ Kg7 34. Kg1 Qd5 0-1

[Event "*** Titled Tuesday Blitz"]
[Site "Chess.com"]
[Date "2018.09.04"]
[Round "2"]
[White "pouya21"]
[Black "KhalilMousavi77"]
[Result "1-0"]
[WhiteElo "2663"]
[BlackElo "2744"]
[TimeControl "180+2"]
[EndTime "13:53:55 PDT"]
[Termination "pouya21 won by resignation"]

1. d4 Nf6 2. Nf3 g6 3. c4 Bg7 4. g3 O-O 5. Bg2 d5 6. cxd5 Nxd5 7. O-O Nb6 8. Nc3 Nc6 9. d5 Na5 10. e4 c6 11. Bf4 cxd5 12. exd5 Nac4 13. Qe2 Nd6 14. Rad1 Bf5 15. Nd4 Bd7 16. Rfe1 Re8 17. Be5 Rc8 18. Bxg7 Kxg7 19. h4 h5 20. Nf3 Bg4 21.
Rd4 Rc4 22. Qe5+ f6 23. Qe3 Nf5 24. Qd3 Nxd4 25. Nxd4 Qd6 26. Ne6+ Bxe6 27. Rxe6 Qc5 28. d6 Rd4 29. Qe2 Nc8 30. Ne4 Qc1+ 31. Kh2 Qd1 32. Qb5 Kf7 33. d7 Rxd7 34. Qc4 Kg7 35. Nxf6 Rf8 36.
Nxd7 Qxd7 37. Qc3+ Kh7 38. Qe3 Kg7 39. Qe5+ Rf6 40. Bd5 b6 41. f3 a5 42. g4 Qd8 43.
g5 1-0

[Event "*** Titled Tuesday Blitz"]
[Site "Chess.com"]
[Date "2018.09.04"]
[Round "2"]
[White "AndrewDGreen"]
[Black "BigAl"]
[Result "1-0"]
[WhiteElo "2200"]
[BlackElo "2056"]
[TimeControl "180+2"]
[EndTime "13:53:56 PDT"]
[Termination "AndrewDGreen won by resignation"]

1. d4 Nf6 2. Nf3 g6 3. Nc3 d6 4.
e4 a6 5. Be3 Nc6 6. d5 Nb8 7.
h3 Bg7 8. Qd2 c6 9. Bh6 O-O 10.
g4 b5 11. Bxg7 Kxg7 12. g5 Nh5 13. O-O-O cxd5 14. Nxd5 Nc6 15. Qc3+ Ne5 16. Nxe5 dxe5 17. Nc7 Qxd1+ 18. Kxd1 Rb8 19. Qxe5+ Kg8 20. Be2 Ng7 21. Kc1 Bb7 22. Nd5 Bxd5 23. exd5 Rbc8 24. Bg4 Rc5 25.
Rd1 e6 26. Qd6 Rfc8 27. Rd2 Nf5 28. Bxf5 exf5 29. Qxa6 Re8 30. b3 b4 31. d6 1-0

[Event "*** Titled Tuesday Blitz"]
[Site "Chess.com"]
[Date "2018.09.04"]
[Round "2"]
[White "FMJoseHerrera"]
[Black "Squirlolz"]
[Result "1-0"]
[WhiteElo "2387"]
[BlackElo "2442"]
[TimeControl "180+2"]
[EndTime "13:54:02 PDT"]
[Termination "FMJoseHerrera won by checkmate"]

1. Nf3 d5 2. g3 Nf6 3. Bg2 e6 4. O-O Be7 5. d3 O-O 6. c3 c5 7. a3 a5 8. a4 Nc6 9. Na3 b6 10. Nb5 Bb7 11. Bf4 Rc8 12. Qc2 Nh5 13. Bd2 e5 14. e4 d4 15. Na3 Ba6 16. Rad1 Qd7 17.
Nb5 Rfd8 18. Qb3 dxc3 19. Bxc3 Nd4 20. Qa2 Bxb5 21. axb5 Bd6 22. Bxd4 cxd4 23. Ng5 Rc5 24. Bh3 Qe7 25. Nxf7 Kf8 26. Nxd8 Qxd8 27. Rc1 Qg5 28. Qe6 Be7 29. Rxc5 Bxc5 30. Qc8+ Ke7 31. Qc7+ Kf8 32. Qc8+ Ke7 33. Be6 Kf6 34. Qd8+ Be7 35. Qg8 Kg6 36.
Bf5+ Kh6 37. Qxh7# 1-0

[Event "*** Titled Tuesday Blitz"]
[Site "Chess.com"]
[Date "2018.09.04"]
[Round "2"]
[White "A-Fier"]
[Black "jk13"]
[Result "1-0"]
[WhiteElo "2763"]
[BlackElo "2536"]
[TimeControl "180+2"]
[EndTime "13:54:12 PDT"]
[Termination "A-Fier won by resignation"]

1. e4 e5 2. Nf3 Nc6 3. Bc4 Bc5 4. c3 Nf6 5. d4 exd4 6. e5 d5 7. Be2 Ne4 8. cxd4 Bb6 9. Nc3 Nxc3 10. bxc3 O-O 11. Bg5 Qe8 12. O-O Bg4 13. h3 Bh5 14.
g4 Bg6 15. Bd3 Nd8 16. Bf5 Ne6 17. Be3 Rd8 18. Qd3 c5 19. Rae1 Qa4 20. h4 cxd4 21. cxd4 Qc4 22. Qd2 h5 23. Rc1 Qa4 24. Qd3 hxg4 25. Bxg6 fxg6 26. Qxg6 Qd7 27. Ng5 Nxg5 28.
hxg5 Rde8 29. Kg2 Rf3 30. Rh1 Rh3 31. Rxh3 gxh3+ 32. Kh2 Re7 33. Qh5 Qf5 34. Qxh3 Qxh3+ 35. Kxh3 Kf7 36. Kg4 g6 37. Rh1 Ke6 38. Rh6 Rg7 39. f4 Kf7 40. f5 1-0

[Event "*** Titled Tuesday Blitz"]
[Site "Chess.com"]
[Date "2018.09.04"]
[Round "2"]
[White "NateSolon"]
[Black "Elshan1985"]
[Result "0-1"]
[WhiteElo "2509"]
[BlackElo "2716"]
[TimeControl "180+2"]
[EndTime "13:54:15 PDT"]
[Termination "Elshan1985 won by checkmate"]

1. d4 Nf6 2. Bg5 e6 3. e4 c5 4. d5 Qb6 5. Nc3 Qxb2 6. Bd2 Qb6 7. Rb1 Qd8 8. f4 a6 9. d6 Bxd6 10. e5 Be7 11. exf6 Bxf6 12. Ne4 Be7 13. Nf3 d5 14. Ng3 Nc6 15. Be2 h5 16. O-O h4 17. Nh1 b5 18.
a4 b4 19. c4 dxc4 20. Bxc4 Na5 21. Be2 h3 22. g3 Rb8 23. Qc2 Bb7 24. Nf2 Bd5 25. Ne5 Qb6 26. Nc4 Nxc4 27. Bxc4 Qc6 28. Be3 Bxc4 29. Qxc4 Qg2# 0-1

[Event "*** Titled Tuesday Blitz"]
[Site "Chess.com"]
[Date "2018.09.04"]
[Round "2"]
[White "staz_staz"]
[Black "GeorgMeier"]
[Result "1/2-1/2"]
[WhiteElo "2346"]
[BlackElo "2817"]
[TimeControl "180+2"]
[EndTime "13:54:16 PDT"]
[Termination "Game drawn by repetition"]

1. d4 e6 2. c4 d5 3. Nf3 Nf6 4. e3 Be7 5. Nc3 O-O 6. Bd3 c5 7. b3 cxd4 8. exd4 Nc6 9. Ne2 b6 10. O-O Ba6 11. Bb2 Rc8 12. Rc1 Nb4 13. Ne5 Nxd3 14.
Qxd3 Nd7 15. Ng3 Nxe5 16. dxe5 dxc4 17. Qf3 cxb3 18. Rfd1 Rxc1 19. Bxc1 Qc7 20. Qg4 Qc2 21. axb3 Rd8 22. Re1 Bd3 23. h4 a5 24. h5 Qxb3 25.
Bh6 g6 26. Re3 a4 27. Bg5 Bxg5 28. Qxg5 Rd7 29. Qf6 Qb4 30. h6 Qf8 31. Qf3 Bf5 32.
Qf4 Ra7 33. Nxf5 exf5 34. e6 a3 35. exf7+ Rxf7 36. Qc4 b5 37. Qxb5 Qxh6 38. Re8+ Rf8 39. Qd5+ Kh8 40. Qe5+ Kg8 41. Qe6+ Kh8 42. Qf6+ Kg8 43.
Qe6+ Kh8 44. Qf6+ Kg8 45. Qe6+ 1/2-1/2

[Event "*** Titled Tuesday Blitz"]
[Site "Chess.com"]
[Date "2018.09.04"]
[Round "2"]
[White "yosephtaher"]
[Black "Drags95"]
[Result "1-0"]
[WhiteElo "2702"]
[BlackElo "2668"]
[TimeControl "180+2"]
[EndTime "13:54:18 PDT"]
[Termination "yosephtaher won by resignation"]

1. e4 e5 2. Nf3 Nc6 3. Bb5 a6 4. Ba4 Nf6 5. O-O Be7 6. Re1 b5 7. Bb3 O-O 8. c3 d5 9. d4 exd4 10. e5 Ne4 11. cxd4 Bf5 12. Nc3 Nxc3 13. bxc3 Qd7 14. Nd2 Na5 15. Bc2 c5 16. Bxf5 Qxf5 17.
Nb3 Nxb3 18. axb3 c4 19. bxc4 bxc4 20. Ba3 Bxa3 21. Rxa3 Rfb8 22. h3 g6 23. Qa1 Rb6 24. Qc1 a5 25. Qe3 a4 26. Kh2 Raa6 27. Rea1 Qd7 28.
Qf3 Rb3 29. Qe2 Kg7 30. Rxb3 cxb3 31. Qxa6 b2 32. Rb1 Qf5 33. Rxb2 Qf4+ 34. g3 Qc1 1-0

[Event "*** Titled Tuesday Blitz"]
[Site "Chess.com"]
[Date "2018.09.04"]
[Round "2"]
[White "inegrepus"]
[Black "gemarin"]
[Result "0-1"]
[WhiteElo "2206"]
[BlackElo "2109"]
[TimeControl "180+2"]
[EndTime "13:54:22 PDT"]
[Termination "gemarin won by resignation"]

1. d4 d5 2. c4 c6 3. cxd5 cxd5 4.
Nc3 Nc6 5. e4 Nf6 6. e5 Ne4 7.
Be3 Nxc3 8. bxc3 e6 9. Nf3 Be7 10.
Bd3 O-O 11. h4 f5 12. exf6 Bxf6 13. Ng5 h6 14. Qh5 Ne7 15. Nf3 Qe8 16. Qg4 e5 17.
Qg3 e4 18. O-O Nf5 19. Qc7 Nxe3 20. fxe3 exd3 21. Qd6 Qe6 22. Qc5 b6 23. Qc7 Qxe3+ 24. Kh1 d2 25. Qc6 Bg4 26. Qxd5+ Kh8 27. Ne5 Bxe5 28.
dxe5 Rxf1+ 29. Rxf1 Re8 30. e6 d1=Q 31. Rxd1 Bxd1 32.
Qxd1 Qxe6 33. Qd4 Qe1+ 34. Kh2 Qe5+ 0-1

[Event "*** Titled Tuesday Blitz"]
[Site "Chess.com"]
[Date "2018.09.04"]
[Round "2"]
[White "wonderfultime"]
[Black "aquaticpineapples"]
[Result "1-0"]
[WhiteElo "2820"]
[BlackElo "2005"]
[TimeControl "180+2"]
[EndTime "13:54:24 PDT"]
[Termination "wonderfultime won by resignation"]

1. d4 d5 2. Nf3 c5 3. c3 e6 4. Bf4 Nc6 5. e3 Nf6 6. Nbd2 Bd6 7. Bg3 O-O 8. Bb5 a6 9. Bxc6 bxc6 10. Qa4 Qc7 11.
Bxd6 Qxd6 12. Qa3 Nd7 13. O-O Re8 14. Rfd1 Qe7 15. Rac1 e5 16. dxe5 c4 17. Qxe7 Rxe7 18. b3 cxb3 19. axb3 Nxe5 20. Nxe5 Rxe5 21. Ra1 Bf5 22.
b4 Re7 23. Ra5 Bd3 24. Rda1 Rb8 25. Nb3 f5 26. h3 g5 27. Nd4 Rb6 28. Rc5 Bb5 29.
Nxf5 Rf7 30. Nd4 Rd7 31. Nf5 Kf7 32. Rd1 Kf6 33. Nd4 Ke5 34. Nf3+ Kf5 35. Rd4 a5 36. bxa5 Ra6 37. e4+ Ke6 38. exd5+ Rxd5 39. Rdxd5 cxd5 40. Rxb5 1-0

[Event "*** Titled Tuesday Blitz"]
[Site "Chess.com"]
[Date "2018.09.04"]
[Round "2"]
[White "gammagramma"]
[Black "pKiLz5Rn9b"]
[Result "1-0"]
[WhiteElo "2582"]
[BlackElo "2805"]
[TimeControl "180+2"]
[EndTime "13:54:26 PDT"]
[Termination "gammagramma won by resignation"]

1. d4 Nf6 2. c4 e6 3. Nc3 Bb4 4. Bd2 O-O 5. Rc1 d6 6. g3 c5 7. dxc5 Bxc5 8. Bg2 Ng4 9. e3 Ne5 10.
Qe2 Nbc6 11. a3 a6 12. Nh3 Bd7 13. O-O Rc8 14. Rfd1 Qe7 15. Ne4 Rfd8 16. Bc3 Be8 17. Nxc5 dxc5 18. Nf4 h6 19. h4 Rb8 20. h5 b5 21.
Rxd8 Qxd8 22. cxb5 axb5 23. b4 c4 24. Be4 Qe7 25. Rd1 Rd8 26. Bb1 Nd7 27. Qc2 Nf8 28. Bb2 f6 29. Rxd8 Nxd8 30. Qd1 Qd7 31. Qg4 e5 32.
Qxd7 Nxd7 33. Nd5 Nb6 34. Nxb6 1-0

[Event "*** Titled Tuesday Blitz"]
[Site "Chess.com"]
[Date "2018.09.04"]
[Round "2"]
[White "dreamist"]
[Black "champ2005"]
[Result "1-0"]
[WhiteElo "2657"]
[BlackElo "2753"]
[TimeControl "180+2"]
[EndTime "13:54:31 PDT"]
[Termination "dreamist won by resignation"]

1. e4 c6 2. d4 d5 3. Nc3 dxe4 4.
Nxe4 Bf5 5. Ng3 Bg6 6. Nf3 Nd7 7. h4 h6 8. h5 Bh7 9. Bd3 Bxd3 10. Qxd3 e6 11.
Bf4 Qa5+ 12. Bd2 Bb4 13. c3 Be7 14. c4 Bb4 15. Ne4 Ngf6 16. Nd6+ Ke7 17. c5 b6 18. O-O bxc5 19. Bf4 cxd4 20. Nxd4 Qd5 21. Rfd1 c5 22. N4f5+ Kf8 23. Qg3 Nxh5 24. Qh4 Nxf4 25. Qe7+ Kg8 26. Qxf7+ 1-0

[Event "*** Titled Tuesday Blitz"]
[Site "Chess.com"]
[Date "2018.09.04"]
[Round "2"]
[White "suyu28"]
[Black "MikaelyanArman"]
[Result "0-1"]
[WhiteElo "2499"]
[BlackElo "2683"]
[TimeControl "180+2"]
[EndTime "13:54:31 PDT"]
[Termination "MikaelyanArman won by checkmate"]

1. d4 Nf6 2. c4 e6 3. g3 Bb4+ 4. Bd2 Qe7 5. Bg2 Nc6 6. Nf3 Bxd2+ 7. Nbxd2 O-O 8. O-O d6 9. e4 e5 10. d5 Nb8 11. b4 a5 12. a3 Na6 13. Qb3 Bg4 14.
h3 Bxf3 15. Nxf3 Nxe4 16. Rfe1 f5 17. Rac1 Kh8 18. Nh4 Ng5 19. f4 Ne4 20. Bxe4 fxe4 21. Rxe4 axb4 22. axb4 Qd7 23. f5 c5 24. b5 Nb4 25.
Qf3 Ra2 26. Qh5 Kg8 27. Rf1 Qf7 28. Qd1 Qf6 29. Ng2 Qh6 30. Rh4 Qd2 31. Qf3 Rxf5 32. Qe4 Rxf1+ 33. Kxf1 Qf2# 0-1

[Event "*** Titled Tuesday Blitz"]
[Site "Chess.com"]
[Date "2018.09.04"]
[Round "2"]
[White "JoakimVonAnd"]
[Black "ramses135"]
[Result "0-1"]
[WhiteElo "2355"]
[BlackElo "2529"]
[TimeControl "180+2"]
[EndTime "13:54:40 PDT"]
[Termination "ramses135 won by resignation"]

1. d4 f5 2. Nf3 Nf6 3. c4 g6 4. g3 Bg7 5. Bg2 O-O 6. O-O d6 7. Nc3 c6 8. b3 Na6 9. Bb2 Qe8 10.
Re1 e5 11. e4 f4 12. Ba3 exd4 13. Nxd4 Nc5 14. e5 Nfd7 15. exd6 Qf7 16. Nd5 fxg3 17.
Ne7+ Kh8 18. Re2 gxf2+ 19. Kf1 Qf4 20. Bb2 Qxh2 21. Nf3 Rxf3 22. Bxg7+ Kxg7 23. Qd4+ Nf6 24. Rxf2 Rxf2+ 25. Kxf2 Ne4+ 26. Kf1 Qxd6 27. Qxd6 Nxd6 28. Nxc8 Rxc8 29. Rd1 Nf5 0-1

[Event "*** Titled Tuesday Blitz"]
[Site "Chess.com"]
[Date "2018.09.04"]
[Round "2"]
[White "BjarkeSahl"]
[Black "51616516516"]
[Result "0-1"]
[WhiteElo "2171"]
[BlackElo "2206"]
[TimeControl "180+2"]
[EndTime "13:54:52 PDT"]
[Termination "51616516516 won by resignation"]

1. e4 c5 2. c3 d5 3. exd5 Qxd5 4. d4 Nf6 5. Nf3 Bg4 6. Be2 e6 7. h3 Bh5 8. O-O cxd4 9. cxd4 a6 10. Nc3 Qd6 11.
Bg5 Be7 12. Ne5 Bxe2 13. Qxe2 O-O 14. Rfd1 Nbd7 15. Nc4 Qc7 16. Rac1 Nb6 17. Ne5 Qd6 18. Ne4 Nxe4 19. Bxe7 Qxe7 20. Qxe4 Nd5 21. Rc5 Rac8 22. Rdc1 Rxc5 23. dxc5 Rc8 24. b4 Qg5 25. Nd3 Qd2 26.
a3 Nc3 27. Qxb7 Ne2+ 28. Kh2 Rf8 0-1

[Event "*** Titled Tuesday Blitz"]
[Site "Chess.com"]
[Date "2018.09.04"]
[Round "2"]
[White "Mistheoretical"]
[Black "TheRigos"]
[Result "0-1"]
[WhiteElo "2395"]
[BlackElo "2422"]
[TimeControl "180+2"]
[EndTime "13:54:54 PDT"]
[Termination "TheRigos won by resignation"]

1. d4 Nf6 2. Bg5 Ne4 3. Bf4 c5 4. f3 Qa5+ 5. c3 Nf6 6. Nd2 cxd4 7. Nb3 Qb6 8. Qxd4 e6 9. Qxb6 axb6 10. e4 Nc6 11.
Bd3 d5 12. Nd2 Bc5 13. Ne2 e5 14. Bg5 dxe4 15. Nxe4 Nxe4 16. Bxe4 Be6 17. a3 f6 18. Bh4 Bc4 19. Bf2 Ke7 20. Ng3 g6 21. Nf1 Rhd8 22.
Ne3 Be6 23. g4 Bb3 24. Ke2 Na5 25. h4 Rd6 26. h5 Rad8 27. Be1 Nc4 28. Nc2 Nxb2 29.
hxg6 Bc4+ 0-1

[Event "*** Titled Tuesday Blitz"]
[Site "Chess.com"]
[Date "2018.09.04"]
[Round "2"]
[White "ZatonskihAnna"]
[Black "twitchTriniCupid"]
[Result "1-0"]
[WhiteElo "2254"]
[BlackElo "2219"]
[TimeControl "180+2"]
[EndTime "13:54:58 PDT"]
[Termination "ZatonskihAnna won by resignation"]

1. e4 c6 2. Nc3 d5 3. Nf3 Bg4 4. h3 Bxf3 5. Qxf3 e6 6. d3 Nf6 7. g4 Qc7 8. Bg2 Nbd7 9. O-O Bb4 10. Nd1 O-O 11. Qe2 Rad8 12. f4 dxe4 13. dxe4 Qb6+ 14.
Kh1 a5 15. e5 Nd5 16. Nf2 Rfe8 17. Ne4 Bf8 18. c4 Nb4 19. Be3 c5 20. Rfd1 Nb8 21. a3 N4a6 22. Qf2 Nc6 23. Nd6 Bxd6 24. exd6 Nd4 25.
Bxd4 cxd4 26. Qxd4 Nc5 27. b4 axb4 28. axb4 Qxb4 29.
Rdb1 Nb3 30. Qd3 Qd2 31. Rxb3 Qxf4 32. Rd1 Rd7 33. Rxb7 Red8 34. Rxd7 Rxd7 35. c5 1-0

[Event "*** Titled Tuesday Blitz"]
[Site "Chess.com"]
[Date "2018.09.04"]
[Round "2"]
[White "AntonSmirnov"]
[Black "dcremisi"]
[Result "1-0"]
[WhiteElo "2826"]
[BlackElo "2272"]
[TimeControl "180+2"]
[EndTime "13:55:04 PDT"]
[Termination "AntonSmirnov won by resignation"]

1. Nf3 Nf6 2. d4 d5 3. c3 e6 4.
Bg5 Be7 5. Nbd2 O-O 6. e3 c5 7. Bd3 Nc6 8. O-O b6 9. Ne5 Nxe5 10. dxe5 Nd7 11. Bxe7 Qxe7 12. f4 f6 13. exf6 Nxf6 14.
e4 dxe4 15. Nxe4 Bb7 16. Nxf6+ gxf6 17. Qe2 Rad8 18. Rae1 Rfe8 19. Bc4 Bd5 20. Bxd5 Rxd5 21. Rf3 Kh8 22. Re3 Rd6 23. h3 Qd7 24. Kh2 Rd2 25.
Qh5 Rxb2 26. Rg3 Rg8 27. Rxg8+ Kxg8 28. Re3 Qe7 29. Rg3+ Kh8 30. Qf3 Rd2 31. f5 exf5 32. Qxf5 Rd8 33. Qf2 Rg8 34. Re3 Qd6+ 35. Kh1 Rg5 36.
Re8+ Kg7 37. Qe2 Re5 38. Qg4+ Rg5 39. Qf3 Kf7 40. Re1 Re5 41. Rd1 Qe7 42. Kh2 Re1 43.
Qh5+ Kg7 44. Rd3 Qe5+ 45. Rg3+ Kf8 46. Qxh7 Re3 47. Qh6+ Kf7 48. Qxe3 1-0

[Event "*** Titled Tuesday Blitz"]
[Site "Chess.com"]
[Date "2018.09.04"]
[Round "2"]
[White "OglazaOskar2005"]
[Black "LuisFSiles"]
[Result "1-0"]
[WhiteElo "2307"]
[BlackElo "2200"]
[TimeControl "180+2"]
[EndTime "13:55:08 PDT"]
[Termination "OglazaOskar2005 won by resignation"]

1. e4 e5 2. Nf3 Nc6 3. d4 exd4 4. Nxd4 g6 5. Nxc6 bxc6 6. Qd4 Qf6 7. Qxf6 Nxf6 8. f3 Bg7 9. Nc3 d5 10. Bd3 O-O 11. O-O Be6 12. Bf4 Rab8 13. Bxc7 Rxb2 14. Rfb1 Rxb1+ 15. Rxb1 Ne8 16. Ba5 Bd4+ 17. Kf1 Nd6 18. exd5 cxd5 19. Nb5 Nxb5 20. Rxb5 Rc8 21. a4 Be5 22.
Rb7 Bxh2 23. Rxa7 h5 24. Rb7 h4 25. Bd2 h3 26. a5 hxg2+ 27. Kxg2 Be5 28. a6 Bd4 29. a7 Kg7 30. c3 Bc5 31. Bf4 Ra8 32. Be5+ Kh6 33. Bb8 Bf8 34. Bb5 Bg7 35. Bc6 Bxc3 36.
Rc7 Be5 37. Bxa8 Bxc7 38. Bxc7 d4 39. Be4 d3 40. a8=Q d2 41. Qh8+ 1-0

[Event "*** Titled Tuesday Blitz"]
[Site "Chess.com"]
[Date "2018.09.04"]
[Round "2"]
[White "snowlord"]
[Black "Abrito99"]
[Result "0-1"]
[WhiteElo "2713"]
[BlackElo "2545"]
[TimeControl "180+2"]
[EndTime "13:55:09 PDT"]
[Termination "Abrito99 won by resignation"]

1. e4 c5 2. Nf3 e6 3. d4 cxd4 4. Nxd4 Nc6 5. Nc3 Qc7 6. Be3 a6 7. Qf3 d6 8. O-O-O Bd7 9. g4 b5 10. g5 b4 11. Nd5 exd5 12. Nxc6 Qxc6 13. exd5 Qc8 14. Bf4 Ne7 15. Qe4 Bf5 16. Qe2 Qd7 17. Bg2 Rc8 18. Be4 Bxe4 19. Qxe4 Qf5 20.
Rhe1 Kd7 21. Rd2 Qxe4 22. Rxe4 a5 23. Be3 h6 24. gxh6 g6 25. Bb6 Bxh6 26. f4 f5 27. Red4 Ra8 28. Rc4 Rhc8 29. Rxc8 Rxc8 30. Rd4 Bxf4+ 31.
Rxf4 Nxd5 32. Rh4 Nxb6 33. Rh7+ Ke6 34. Rg7 Kf6 35. Ra7 Rc5 36. Ra6 Rb5 37. b3 Ke5 38. Kd2 Nd5 39. Ra8 Nc3 40. Re8+ Kf4 41. a4 Rd5+ 42. Ke1 Kf3 0-1

[Event "*** Titled Tuesday Blitz"]
[Site "Chess.com"]
[Date "2018.09.04"]
[Round "2"]
[White "Fighter008"]
[Black "Paparama_1917"]
[Result "0-1"]
[WhiteElo "2456"]
[BlackElo "2482"]
[TimeControl "180+2"]
[EndTime "13:55:14 PDT"]
[Termination "Paparama_1917 won by resignation"]

1. e4 c5 2. Nf3 Nc6 3. d4 cxd4 4. Nxd4 e6 5. Nc3 a6 6. Be3 Qc7 7. Qf3 Bb4 8. Nxc6 bxc6 9. Bd4 e5 10. Qg3 f6 11.
Qxg7 exd4 12. Qxh8 Kf8 13. a3 dxc3 14. axb4 Qe5 15.
Bd3 cxb2 16. Rb1 Qc3+ 17. Ke2 d6 18. Rhd1 Ra7 19. Kf1 Rg7 20. e5 Qxe5 21. g3 Bh3+ 22. Kg1 f5 23. Bf1 Rxg3+ 24. hxg3 Qxh8 25. Bxh3 Qc3 26. Bxf5 Ne7 27. Bxh7 Kg7 28. Bd3 Nd5 29. Bxa6 Nxb4 30. Bd3 d5 31. Bf1 Nxc2 32. Rd3 Qb4 33. Be2 Na3 34. Rdd1 Nxb1 35. Rxb1 Qd2 36. Kf1 Qc1+ 0-1

[Event "*** Titled Tuesday Blitz"]
[Site "Chess.com"]
[Date "2018.09.04"]
[Round "2"]
[White "AlexanderL"]
[Black "W_Amadeus"]
[Result "1-0"]
[WhiteElo "2812"]
[BlackElo "2560"]
[TimeControl "180+2"]
[EndTime "13:55:16 PDT"]
[Termination "AlexanderL won by resignation"]

1. Nf3 d5 2. e3 Nf6 3. c4 e6 4. Nc3 a6 5. b3 c5 6. Bb2 Nc6 7. cxd5 exd5 8. d4 cxd4 9. Nxd4 Bb4 10. a3 Ba5 11. b4 Bc7 12. Be2 O-O 13. O-O Qd6 14.
g3 Bh3 15. Re1 Ne5 16. Rc1 Nc4 17. Qb3 b5 18. Red1 Rae8 19. Ncxb5 axb5 20. Nxb5 Qb6 21. Nxc7 Qxc7 22. Bxf6 gxf6 23. Rxd5 Nd2 24. Qd1 Qa7 25. Qxd2 Qxa3 26. Ra5 Rd8 27. Rxa3 Rxd2 28. Bf1 Bxf1 29. Kxf1 Rb2 30. Rc4 Rd8 31. Rf4 Kg7 32.
Ra6 1-0